 Dungeon Crawl Stone Soup version 0.19.1 (webtiles) character file.

900 Exaltedone87 the Chopper (level 7, -1/64 HPs)
             Began as a Deep Dwarf Fighter on Dec 28, 2016.
             Was a Follower of Makhleb.
             Slain by an orc warrior
             ... wielding a cursed +0 short sword
              (8 damage)
             ... on level 5 of the Dungeon.
             The game lasted 00:07:57 (3284 turns).

Exaltedone87 the Chopper (Deep Dwarf Fighter)       Turns: 3284, Time: 00:07:58

Health: -1/64      AC:  9    Str: 22    XL:     7   Next: 79%
Magic:  6/6        EV:  9    Int:  8    God:    Makhleb [*.....]
Gold:   226        SH: 10    Dex: 12    Spells: 0 memorised, 6 levels left

rFire  . . .     SeeInvis .     a - +1 war axe
rCold  + . .     Gourm    .     b - +0 scale mail
rNeg   . . .     Faith    .     c - +0 shield
rPois  .         Spirit   .     g - +0 helmet
rElec  .         Reflect  .     (no cloak)
rCorr  .         Harm     .     o - +0 pair of gloves
MR     +....                    (no boots)
Stlth  ..........               (no amulet)
                                (no ring)
                                i - ring of protection from cold

@: non-regenerating
A: damage resistance, recharge devices, sense surroundings 1, slow regeneration
3
a: Device Recharging, Renounce Religion


You were on level 5 of the Dungeon.
You worshipped Makhleb.
Makhleb was aware of your devotion.
You were completely stuffed.

You visited 2 branches of the dungeon, and saw 6 of its levels.

You collected 226 gold pieces.

Inventory:

Hand Weapons
 a - a +1 war axe (weapon)
Armour
 b - a +0 scale mail (worn)
 c - a +0 shield (worn)
 g - a +0 helmet (worn)
 o - a +0 pair of gloves (worn)
Jewellery
 i - a ring of protection from cold (left hand)
Wands
 e - a wand of heal wounds (4/9)
Scrolls
 h - a scroll of magic mapping
 j - 4 scrolls of fear
 m - a scroll of remove curse
 n - a scroll of teleportation
 t - a scroll of enchant weapon
 u - 2 scrolls of identify
Potions
 d - 2 potions of might
 p - a potion of curing {unknown}
 q - 3 potions of ambrosia {unknown}
 s - a potion of cancellation {unknown}
Books
 l - a book of Maledictions

   Spells                             Type                      Level
   a - Corona                         Hexes                        1
   b - Ensorcelled Hibernation        Hexes/Ice                    2
   c - Confuse                        Hexes                        3
   d - Tukima's Dance                 Hexes                        3
   e - Dazzling Spray                 Conjuration/Hexes            3
Comestibles
 f - 2 bread rations
 k - a meat ration
 r - 2 fruits


   Skills:
 + Level 4.2 Fighting
 * Level 6.1 Axes
 + Level 5.0 Armour
 + Level 3.7 Dodging
 + Level 5.1 Shields


You had 6 spell levels left.
You didn't know any spells.

Dungeon Overview and Level Annotations

Branches:
Dungeon (5/15)             Temple (1/1) D:4

Altars:
Makhleb
Nemelex Xobeh
Sif Muna
Xom
Yredelemnul


Innate Abilities, Weirdness & Mutations

You are resistant to damage.
You can recharge devices by infusing magical energy.
You passively map a small area around you.
You do not regenerate.


Message History

The orc warrior hits you with a short sword.
* * * LOW HITPOINT WARNING * * *
You block the orc's attack.
Unknown command.
The orc warrior barely misses you. You block the sky beast's attack.
You block the sky beast's attack.
You hit the orc warrior but do no damage.
The orc warrior is moderately wounded.
You block the orc warrior's attack. The orc warrior closely misses you.
You slash the orc warrior!
The orc warrior is heavily wounded.
The orc warrior hits you with a short sword!
* * * LOW HITPOINT WARNING * * *
You hit the orc warrior but do no damage.
The orc warrior is heavily wounded.
The orc warrior closely misses you.
Charge which item? (? for menu, Esc to quit)
Your wand of heal wounds (0/9) glows for a moment and now has 4 charges.
The orc warrior hits you with a short sword!
You die...

###)...##,,,8,*
#)†....#,,,,,,,
#.#....#,_,,,,,
###.#....#,,,,,,,
##...#....##,,,8,*
##.<####.##.#*,,,**
#.(####..#..#**##*,
##.##oo..#...##..#**
#..@oYoo........##**
#.########........,,
#..#..........####**
##.#..........#
*.#..........#*****
***##.##≈.)o...#*,,,,
**≈,,#*#≈≈≈#...Y..,,,,
*≈,,,≈*#≈.≈#.#.....,,,
*,≈*≈≈≈#≈≈##.#......,,


You could see an orc warrior, a sky beast and 4 orcs.

Vanquished Creatures
  2 ogres (D:4)
  A necrophage (D:5)
  2 big kobolds (D:4)
  A scorpion (D:5)
  5 orc wizards
  2 orc priests (D:4)
  A hound (D:4)
  A worker ant (D:4)
  4 gnolls (D:3)
  A howler monkey skeleton (D:4)
  7 adders
  An adder zombie (D:4)
  A worm (D:2)
  3 dart slugs
  3 leopard geckos
  10 orcs
  4 giant cockroaches
  8 goblins
  8 hobgoblins
  7 jackals
  11 kobolds
  A quokka (D:5)
  2 bats
  9 frilled lizards
  5 rats
100 creatures vanquished.

Notes
Turn   | Place    | Note
-------+----------+-------------------------------------------
     0 | D:1      | Exaltedone87 the Deep Dwarf Fighter began the quest for the Orb.
     0 | D:1      | Reached XP level 1. HP: 20/20 MP: 1/1
   352 | D:1      | Reached XP level 2. HP: 21/27 MP: 2/2
  1083 | D:2      | Reached XP level 3. HP: 27/34 MP: 3/3
  1210 | D:2      | Found a burning altar of Makhleb.
  1220 | D:2      | Became a worshipper of Makhleb the Destroyer
  1429 | D:2      | Reached skill level 3 in Axes
  1635 | D:3      | Reached skill level 1 in Dodging
  1699 | D:3      | Reached XP level 4. HP: 22/42 MP: 4/4
  1715 | D:3      | Found a basalt altar of Yredelemnul.
  1720 | D:3      | Found a sparkling altar of Nemelex Xobeh.
  1855 | D:3      | Reached skill level 4 in Axes
  1932 | D:3      | Reached * piety under Makhleb
  2031 | D:3      | Found a sparkling altar of Nemelex Xobeh.
  2181 | D:3      | Reached XP level 5. HP: 41/49 MP: 5/5
  2472 | D:4      | Found a staircase to the Ecumenical Temple.
  2539 | D:4      | Noticed an ogre
  2550 | D:4      | Killed an ogre
  2570 | D:4      | Noticed an ogre
  2580 | D:4      | Killed an ogre
  2580 | D:4      | Reached XP level 6. HP: 34/57 MP: 6/6
  2672 | D:4      | Reached skill level 5 in Axes
  2678 | D:4      | Reached XP level 7. HP: 32/63 MP: 7/7
  2683 | D:4      | Found a shimmering altar of Xom.
  3186 | Temple   | Entered the Ecumenical Temple
  3203 | D:5      | Entered Level 5 of the Dungeon
  3229 | D:5      | Reached skill level 6 in Axes
  3229 | D:5      | Reached skill level 5 in Shields
  3254 | D:5      | Reached skill level 5 in Armour
  3284 | D:5      | Slain by an orc warrior

Skill      XL: |  1  2  3  4  5  6  7 |
---------------+----------------------+-----
Fighting       | 3 4 |  4.2
Axes           | 3 4 5 6 |  6.1
Dodging        | 1 2 3 |  3.7
Shields        | 4 5 |  5.1
Armour         | 4 5 |  5.0

Action                   |  1- 3 |  4- 6 |  7- 9 || total
-------------------------+-------+-------+-------++-------
Melee: War axe           |   140 |   118 |    99 ||   357
 Abil: Device Recharging |       |       |     1 ||     1
Evoke: Wand              |     1 |     4 |       ||     5
  Use: Scroll            |     6 |     3 |     2 ||    11
  Eat: Chunk             |     3 |     3 |     1 ||     7
       Meat ration       |       |       |     1 ||     1
       Bread ration      |       |       |     1 ||     1
Armor: Scale mail        |    76 |    48 |    37 ||   161
Dodge: Dodged            |    40 |    48 |    38 ||   126
Block: Shield            |    82 |    74 |    64 ||   220
